 Dungeon Crawl Stone Soup version 0.27-a0-1149-g4505690ab0 (webtiles) character file.

Game seed: 11789710143022758131

1053 Drazool the Chopper (level 8, -2/58 HPs)
             Began as a Formicid Abyssal Knight on May 13, 2021.
             Was a Believer of Lugonu.
             Slain by a kobold
             ... wielding a +1 short sword of distortion
              (6 damage)
             ... on level 5 of the Dungeon.
             The game lasted 00:17:41 (5579 turns).

Drazool the Chopper (Formicid Abyssal Knight)       Turns: 5579, Time: 00:17:41

Health: -2/58      AC:  6    Str: 19    XL:     8   Next: 51%
Magic:  10/10      EV:  8    Int: 12    God:    Lugonu [**....]
Gold:   264        SH: 11    Dex: 10    Spells: 7/7 levels left

rFire    . . .     SeeInvis +   a - +2 hand axe (elec)
rCold    . . .     Faith    .   n - +1 kite shield
rNeg     . . .     Spirit   .   p - +0 scale mail
rPois    .         Reflect  .   (helmet unavailable)
rElec    .         Harm     .   (no cloak)
rCorr    .         Rampage  .   (no gloves)
Will     .....                  (no boots)
Stlth    ..........             (no amulet)
HPRegen  0.19/turn              (no ring)
MPRegen  0.12/turn              (no ring)

@: no status effects
A: permanent stasis, dig shafts and tunnels, antennae 3, four strong arms
a: Dig, Shaft Self, Renounce Religion, Depart the Abyss, Bend Space


You were on level 5 of the Dungeon.
You worshipped Lugonu.
Lugonu was pleased with you.
You visited 1 branch of the dungeon, and saw 5 of its levels.
You visited the Abyss 1 time.

You collected 264 gold pieces.


Innate Abilities, Weirdness & Mutations

You cannot be hasted, slowed, berserked, paralysed or teleported.
You can dig through walls and to a lower floor.
You have a pair of large antennae on your head. (SInv)
Your four strong arms can wield two-handed weapons with a shield.


   Skills:
 - Level 3.2 Fighting
 * Level 7.7 Axes
 - Level 2.1 Armour
 - Level 0.8 Dodging
 + Level 6.2 Shields
 + Level 3.2 Invocations


You had 7 spell levels left.
You didn't know any spells.
Your spell library contained the following spells:

 Spells                   Type           Power      Damage    Failure   Level
 Beastly Appendage        Tmut           0%         N/A       88%         1
 Wereblood                Tmut           0%         N/A       95%         2
 Spider Form              Tmut/Pois      0%         N/A       99%         3
 Ice Form                 Ice/Tmut       0%         N/A       100%        4
 Hydra Form               Tmut           0%         N/A       100%        5

Inventory:

Hand Weapons
 a - a +2 hand axe of electrocution (weapon)
 c - a +5 falchion of holy wrath
 m - a +2 vampiric dagger
Missiles
 k - 8 atropa-tipped darts (quivered)
Armour
 b - a +0 leather armour
 n - a +1 kite shield (worn)
 p - a +0 scale mail (worn)
Magical Staves
 q - a staff of air {!a}
Wands
 i - a wand of iceblast (2)
 o - a wand of charming (7)
Scrolls
 h - 2 scrolls of immolation
Potions
 e - 9 potions of curing {@q1}
 f - a potion of magic
 g - a potion of haste {@q3}
 j - a potion of lignification
 l - a potion of flight {unknown}
 r - a potion of cancellation
 s - a potion of invisibility {unknown}

Dungeon Overview and Level Annotations

Branches:
Dungeon (5/15)             Temple (0/1) D:4

Altars:
Ashenzari
Cheibriados
Dithmenos
Trog
Zin
Lugonu

Portals:
Abyss: D:5

...........#.....#...#
.####.##...#.....#...#
.####+##...#.....#####
...........#.....#
...........'.....#
...........#.....#
...##......#.....#############
...##......#....)#...........#
...........#....@K...........#
...........#....)#....#......#
...........#.....#....#......#
#####....###.....#....#......#
###.)..#.....###....########
#......#▒▒▒▒▒+............#
#...†..#▒.▒.▒▒............#
#....▒.▒▒§§.▒▒K...........#
#...▒▒▒▒§.§..▒▒...........#


You could see a kobold.


Message History

You barely miss the kobold. The kobold hits you but does no damage.
The kobold brigand hits you with a +2 rapier of distortion.
* * * LOW HITPOINT WARNING * * *
Space bends around you.
* * * LOW HITPOINT WARNING * * *
You barely miss the kobold brigand.
The kobold brigand is severely wounded.
You hit the kobold.
The kobold drinks a potion.
The kobold is healed!
The kobold brigand hits you with a +2 rapier of distortion.
* * * LOW HITPOINT WARNING * * *
Unknown command.
You hit the kobold brigand.
The kobold brigand is almost dead.
You barely miss the kobold. The kobold brigand closely misses you.
Unknown command.
You hit the kobold brigand.
You kill the kobold brigand!
Lugonu accepts your kill.
You hit the kobold. You slash the kobold!
You kill the kobold!
Lugonu accepts your kill. The kobold hits you but does no damage.
Space bends around you.
* * * LOW HITPOINT WARNING * * *
Your shield prevents you from hitting the kobold.
The kobold is severely wounded.
The kobold hits you with a +1 short sword of distortion.
* * * LOW HITPOINT WARNING * * *
Space bends around you.
You die...

Skill      XL: |  1  2  3  4  5  6  7  8 |
---------------+-------------------------+-----
Axes           | 3 4 5 6 7 |  7.7
Shields        | 2 3 5 6 |  6.2
Invocations    | 3 |  3.2
Fighting       | |  3.2
Armour         | |  2.1
Dodging        | |  0.8

Action                   |  1- 3 |  4- 6 |  7- 9 || total
-------------------------+-------+-------+-------++-------
Melee: Hand axe          |    53 |   151 |    73 ||   277
Throw: Dart              |       |    11 |    10 ||    21
 Abil: Dig               |     2 |       |       ||     2
Evoke: Wand              |       |       |     2 ||     2
  Use: Scroll            |     1 |    10 |     4 ||    15
       Potion            |       |       |     3 ||     3
 Stab: Sleeping          |     1 |       |       ||     1
       Invisible         |       |     1 |       ||     1
Armor: Leather armour    |     8 |    14 |       ||    22
       Scale mail        |       |    30 |    21 ||    51
Dodge: Dodged            |    31 |    70 |    24 ||   125
Block: Kite shield       |       |    27 |    37 ||    64

Levels and vault maps discovered:
D:1:      minmay_arrival_semitransparent, layout_basic
D:2:      layout_loops_ring, basic_altar, minmay_fractal_squares_gapless_5
D:3:      minmay_wonky_spiral, layout_basic, uniq_terence
D:4:      cheibrodos_greedy_goblins, layout_loops_corners, minitemple,
          minmay_temple_entry_proselytizer, uniq_edmund
D:5:      due_chaos_kobolds, layout_gridville, cheibriados_altar_2,
          uniq_menkaure

Notes
Turn   | Place    | Note
-------+----------+-------------------------------------------
     0 | Abyss:1  | Drazool the Formicid Abyssal Knight began the quest for the
                  | Orb.
     0 | Abyss:1  | Reached XP level 1. HP: 18/18 MP: 2/2
    67 | Abyss:1  | Noticed a starcursed mass
   121 | D:1      | You pass through the gate.
   121 | D:1      | Escaped the Abyss
   478 | D:1      | Reached XP level 2. HP: 23/24 MP: 3/3
   663 | D:1      | Reached skill level 3 in Axes
   964 | D:1      | Reached XP level 3. HP: 27/29 MP: 4/4
  1269 | D:2      | Reached skill level 4 in Axes
  1269 | D:2      | Reached XP level 4. HP: 27/35 MP: 5/5
  1362 | D:2      | Reached ** piety under Lugonu
  2028 | D:2      | Found a bloodstained altar of Trog.
  2272 | D:3      | Noticed Terence
  2278 | D:3      | Killed Terence
  2279 | D:3      | Reached XP level 5. HP: 41/41 MP: 6/6
  2346 | D:3      | Reached skill level 5 in Axes
  2864 | D:4      | Found a staircase to the Ecumenical Temple.
  2868 | D:4      | Reached skill level 1 in Shields
  3026 | D:4      | Reached skill level 2 in Shields
  3026 | D:4      | Reached XP level 6. HP: 18/47 MP: 7/7
  4054 | D:4      | Noticed Edmund
  4069 | D:4      | Killed Edmund
  4070 | D:4      | Reached skill level 6 in Axes
  4070 | D:4      | Reached skill level 3 in Shields
  4070 | D:4      | Reached XP level 7. HP: 18/52 MP: 8/8
  4560 | D:4      | Found a broken altar of Ashenzari.
  4561 | D:4      | Found a shadowy altar of Dithmenos.
  4570 | D:4      | Found a glowing silver altar of Zin.
  4622 | D:5      | Entered Level 5 of the Dungeon
  4622 | D:5      | Found a snail-covered altar of Cheibriados.
  4622 | D:5      | Noticed a torpor snail
  4622 | D:5      | Noticed a torpor snail
  4622 | D:5      | Noticed a torpor snail
  4635 | D:5      | Found a one-way gate to the infinite horrors of the Abyss.
  4647 | D:5      | Reached skill level 4 in Shields
  4878 | D:5      | Noticed Menkaure
  4880 | D:5      | Killed Menkaure
  4881 | D:5      | Reached skill level 5 in Shields
  4926 | D:5      | Found a large runed translucent door.
  4927 | D:5      | Found a large runed translucent door.
  5022 | D:5      | Reached skill level 7 in Axes
  5022 | D:5      | Reached XP level 8. HP: 56/58 MP: 9/9
  5206 | D:5      | HP: 5/58 [orc wizard/puff of flame (11)]
  5214 | D:5      | Reached skill level 6 in Shields
  5546 | D:5      | Found a corrupted altar of Lugonu.
  5572 | D:5      | Reached skill level 3 in Invocations
  5579 | D:5      | HP: 4/58 [kobold/+1 short sword of distortion (4)]
  5579 | D:5      | Slain by a kobold

Vanquished Creatures
  Edmund (D:4)
  Menkaure (D:5)
  An ogre (D:5)
  A necrophage (D:5)
  2 kobold brigands (D:5)
  A scorpion (D:4)
  A water moccasin skeleton (D:5)
  A centaur zombie (D:5)
  2 orc priests
  A bullfrog skeleton (D:5)
  An iguana (D:5)
  A centaur skeleton (D:2)
  Terence (D:3)
  An orc wizard (D:5)
  9 adders
  An ufetubus (D:4)
  2 adder skeletons
  A worm (D:3)
  A dart slug (D:2)
  3 orcs
  8 ball pythons
  11 endoplasms
  A giant cockroach (D:4)
  11 goblins
  6 hobgoblins
  4 jackals (D:2)
  3 quokkas
  4 bats
  5 frilled lizards
  4 kobolds
  2 rats (D:1)
92 creatures vanquished.

Table legend: (Time is in decaauts)
 A = Elapsed time spent in this place.
 B = Non-inter-level travel time spent in this place.
 C = Inter-level travel time spent in this place.
 D = Time resting spent in this place.
 E = Time spent auto-exploring this place.
 F = Levels seen in this place.
 G = Mean time per level.
                   A        B        C        D        E       F      G
               +--------+--------+--------+--------+--------+-----+--------+
         Total |   5622 |   5539 |     83 |    233 |   4507 |   6 |  937.0 |
       Dungeon |   5501 |   5418 |     83 |    233 |   4413 |   5 | 1100.2 |
         Abyss |    121 |    121 |      0 |      0 |     94 |   1 |  121.0 |
               +--------+--------+--------+--------+--------+-----+--------+

Top non-repeatable levels by time:
     D:4: 1796 daAuts
     D:1: 1115 daAuts
     D:2: 1029 daAuts
     D:5: 963 daAuts
     D:3: 596 daAuts
 Abyss:1: 121 daAuts

Table legend:
 A = Non-vault XP
 B = Vault XP
 C = Vault XP percentage of total XP
 D = Non-vault monster count
 E = Vault monster count
 F = Vault count percentage of total count
                 A         B        C        D         E       F
            +---------+---------+-------+---------+---------+-------
      Total |     852 |     653 |  43.4 |      72 |      20 |  21.7
            +---------+---------+-------+---------+---------+-------
        D:1 |      31 |       0 |   0.0 |      19 |       0 |   0.0
        D:2 |      80 |      15 |  15.8 |      18 |       3 |  14.3
        D:3 |      12 |      37 |  75.5 |       5 |       3 |  37.5
        D:4 |     165 |     241 |  59.4 |      16 |      10 |  38.5
        D:5 |     564 |     360 |  39.0 |      14 |       4 |  22.2
            +---------+---------+-------+---------+---------+-------
